 Dungeon Crawl Stone Soup version 0.24.0-13-gcf9b319 (webtiles) character file.

Game seed: 3946616473607756623, levelgen mode: deterministic

2902 Bronimir the Geomancer (level 10, -7/69 HPs)
             Began as a Formicid Earth Elementalist on Mar 27, 2020.
             Was a Priest of Okawaru.
             Mangled by an orc warrior
             ... wielding a +0 dire flail
              (20 damage)
             ... on level 8 of the Dungeon.
             The game lasted 00:21:45 (9978 turns).

Bronimir the Geomancer (FoEE)                       Turns: 9978, Time: 00:21:46

Health: -7/69      AC:  3    Str: 16      XL:     10   Next: 6%
Magic:  2/17       EV: 12    Int: 17      God:    Okawaru [***...]
Gold:   326        SH:  0    Dex: 10 (11) Spells: 5/21 levels left

rFire    . . .     SeeInvis +   a - +0 scythe
rCold    + . .     Gourm    .   (no shield)
rNeg     . . .     Faith    .   w - +0 leather armour
rPois    .         Spirit   .   (helmet unavailable)
rElec    .         Reflect  .   e - scarf {repulsion}
rCorr    .         Harm     .   (no gloves)
MR       +....                  (no boots)
Stlth    ++........             (no amulet)
HPRegen  0.21/turn              O - +2 ring of intelligence
MPRegen  0.15/turn              v - ring of protection from cold

@: studying Short Blades, lightly drained, repel missiles
A: permanent stasis, dig shafts and tunnels, four strong arms, antennae 3,
deterioration 1, low mp 1
a: Dig, Shaft Self, Heroism, Renounce Religion


You were on level 8 of the Dungeon.
You worshipped Okawaru.
Okawaru was most pleased with you.
You were very hungry.

You visited 2 branches of the dungeon, and saw 9 of its levels.

You collected 326 gold pieces.

Inventory:

Hand Weapons
 a - a +0 scythe (weapon)
 b - a +0 shortbow
 o - a cursed +0 battleaxe
 q - a +0 quarterstaff
 r - a +0 spear
 x - a +0 hand axe
 I - the +4 hunting sling "Furienej" {flame, *Contam rF+ rC+ Int+2}
   (You found it on level 7 of the Dungeon)

   It causes projectiles fired from it to burn those they strike, causing extra
   injury to most foes and up to half again as much damage against particularly
   susceptible opponents.
   It affects your intelligence (+2).
   It protects you from fire.
   It protects you from cold.
   It causes magical contamination when unequipped.
 J - a +0 hunting sling
Missiles
 k - 135 arrows
 l - 23 sling bullets
 u - 125 stones (quivered)
 H - 35 bolts
Armour
 c - a +0 robe
 e - a scarf of repulsion (worn)
 i - a +0 ring mail
 w - a +0 leather armour (worn)
 y - a +1 ring mail
Jewellery
 j - an uncursed ring of positive energy
 v - a ring of protection from cold (right hand)
 F - an uncursed ring of flight
 K - an uncursed ring of flight
 O - a +2 ring of intelligence (left hand)
Wands
 C - a wand of flame (13)
 L - a wand of clouds (6)
 P - a wand of paralysis (8)
Scrolls
 g - 8 scrolls of identify
 h - 5 scrolls of remove curse
 p - 2 scrolls of magic mapping
 A - 3 scrolls of amnesia
 E - 2 scrolls of immolation
 M - a scroll of vulnerability {unknown}
Potions
 f - 2 potions of invisibility {unknown}
 m - a potion of flight {unknown}
 n - a potion of heal wounds {unknown}
 s - a potion of degeneration {unknown}
 t - 2 potions of berserk rage {unknown}
 z - 2 potions of magic {unknown}
 B - a potion of brilliance {unknown}
 D - a potion of mutation {unknown}
 N - a potion of curing {unknown}
Books
 G - a manual of Short Blades
Comestibles
 d - 12 rations


   Skills:
 + Level 2.9(2.7) Fighting
 + Level 2.8(2.6) Polearms
 + Level 0.1(0.0) Slings
 + Level 3.1(2.9) Bows
 * Level 5.1(4.9) Armour
 + Level 3.0(2.8) Dodging
 - Level 2.4(2.2) Stealth
 + Level 6.3(6.1) Spellcasting
 + Level 0.5(0.3) Conjurations
 + Level 1.9(1.7) Hexes
 + Level 1.1(0.9) Transmutations
 * Level 9.2(9.0) Earth Magic
 * Level 4.6(4.4) Invocations


You had 5 spell levels left.
You knew the following spells:

 Your Spells              Type           Power        Failure   Level  Hunger
a - Sandblast             Erth           #####.       1%          1    None
b - Passwall              Tmut/Erth      ###.....     3%          2    None
c - Stone Arrow           Conj/Erth      ###...       7%          3    ##.....
d - Confusing Touch       Hex            ##....       8%          1    None
e - Lee's Rapid Deconstr  Erth           #####.....   10%         5    #####..
f - Petrify               Tmut/Erth      ###.....     19%         4    ####...

Your spell library contained the following spells:

 Spells                   Type           Power        Failure   Level  Hunger
 Confuse                  Hex            ##......     22%         3    ##.....
 Gell's Gravitas          Tloc           #.........   41%         3    ##.....
 Yara's Violent Unravell  Hex/Tmut       #.........   94%         5    #####..
 Metabolic Englaciation   Hex/Ice        #.........   96%         5    #####..


Dungeon Overview and Level Annotations

Branches:
Dungeon (8/15)             Temple (1/1) D:4
   Lair: D:8-11

Altars:
Ashenzari
Cheibriados
Dithmenos
Elyvilon
Fedhas
Gozag
Hepliaklqana
Kikubaaqudgha
Makhleb
Nemelex Xobeh
Okawaru
Qazlal
Ru
Sif Muna
Trog
Uskayaw
Vehumet
Wu Jian
Xom
Yredelemnul
Zin
The Shining One

Annotations:
D:7 ghost door, silenth's ghost, novice NaFi


Innate Abilities, Weirdness & Mutations

You cannot be hasted, slowed, berserked, paralysed or teleported.
You can dig through walls and to a lower floor.
Your four strong arms can wield two-handed weapons with a shield.
You have a pair of large antennae on your head. (SInv)
Your body sometimes deteriorates upon taking damage.
Your magical capacity is low. (-10% MP)


Message History

Attack whom?
Press: ? - help, Dir - move target cursor, f - orc warrior
Aim: an orc warrior, wielding a +0 dire flail and wearing a +0 chain mail You reach to attack!
You barely miss the orc warrior.
The orc wizard mumbles some strange words.
The orc wizard flickers and vanishes for a moment.
The orc warrior hits you with a +0 dire flail!!
You closely miss the orc warrior.
The orc warrior hits you with a +0 dire flail!
You are too injured to fight recklessly!
You barely miss the orc warrior.
The orc warrior hits you but does no damage.
The orc warrior hits you with a +0 dire flail!!
* * * LOW HITPOINT WARNING * * *
Your body deteriorates!
You feel clumsy.
You hit the orc warrior but do no damage.
The orc warrior hits you with a +0 dire flail.
* * * LOW HITPOINT WARNING * * *
The orc warrior hits you with a +0 dire flail!!
You die...

......##.### .((........+
########.### #[# #o# #o#
########## #o# #........# #o#
#........# #@# #........# #.#
#........### #.# #..........#
#.# #........#.###.# #######
#......).#.....####.....#
#........##.#....##.....#
#...........#.##.##.....#
#........##)#...........#######


You could see an orc warrior, 2 orc wizards and an orc.

Vanquished Creatures
  Sigmund (D:2)
  A hippogriff (D:6)
  Menkaure (D:6)
  An orc warrior (D:8)
  A black bear (D:6)
  A phantom (D:5)
  3 ogres
  4 centaurs
  A big kobold (D:7)
  4 bullfrogs
  2 scorpions
  4 howler monkeys
  3 wights (D:8)
  2 bullfrog zombies
  A crimson imp (D:8)
  3 orc priests
  A bullfrog skeleton (D:6)
  2 hounds
  A jelly (D:6)
  A quasit (D:7)
  An iguana (D:4)
  3 orc wizards
  6 worker ants
  3 killer bee zombies
  A hound zombie (D:6)
  A worker ant zombie (D:6)
  A howler monkey skeleton (D:7)
  11 adders
  An adder zombie (D:6)
  3 worms
  2 dart slugs
  5 leopard geckos
  21 orcs
  5 giant cockroaches
  4 goblins
  5 hobgoblins
  18 jackals
  4 quokkas
  A ball python (D:1)
  8 bats
  A frilled lizard (D:1)
  A jackal skeleton (D:7)
  11 kobolds
  A quokka skeleton (D:6)
  A quokka zombie (D:6)
  12 rats
169 creatures vanquished.

Notes
Turn   | Place    | Note
-------+----------+-------------------------------------------
     0 | D:1      | Bronimir the Formicid Earth Elementalist began the quest
                  | for the Orb.
     0 | D:1      | Reached XP level 1. HP: 13/13 MP: 3/3
   141 | D:1      | Reached skill level 4 in Earth Magic
   239 | D:1      | Reached XP level 2. HP: 19/19 MP: 3/5
   850 | D:1      | Reached XP level 3. HP: 24/24 MP: 6/6
  1430 | D:2      | Noticed Sigmund
  1440 | D:2      | Killed Sigmund
  1440 | D:2      | Reached skill level 1 in Armour
  1440 | D:2      | Reached skill level 5 in Earth Magic
  1440 | D:2      | Reached XP level 4. HP: 18/30 MP: 0/9
  1440 | D:2      | Reached XP level 5. HP: 21/35 MP: 0/10
  1440 | D:2      | Reached XP level 6. HP: 25/41 MP: 0/11
  1737 | D:2      | Reached skill level 6 in Earth Magic
  1743 | D:2      | Learned a level 2 spell: Passwall
  1755 | D:2      | Learned a level 3 spell: Stone Arrow
  2488 | D:3      | Reached skill level 1 in Polearms
  2932 | D:2      | Reached XP level 7. HP: 24/47 MP: 3/13
  3199 | D:3      | Learned a level 1 spell: Confusing Touch
  3205 | D:3      | Learned a level 5 spell: Lee's Rapid Deconstruction
  3224 | D:3      | Reached skill level 1 in Fighting
  4466 | D:4      | Found a staircase to the Ecumenical Temple.
  4484 | Temple   | Entered the Ecumenical Temple
  4572 | Temple   | Became a worshipper of Warmaster Okawaru
  4671 | D:4      | Reached skill level 7 in Earth Magic
  5111 | D:5      | Entered Level 5 of the Dungeon
  5139 | D:5      | Reached skill level 5 in Spellcasting
  5139 | D:5      | Reached skill level 1 in Hexes
  5170 | D:5      | Reached XP level 8. HP: 12/54 MP: 1/15
  5436 | D:5      | Learned a level 4 spell: Petrify
  5484 | D:5      | Found a bloodstained altar of Trog.
  5485 | D:5      | Found a shimmering blue altar of Sif Muna.
  5485 | D:5      | Found an ornate altar of the Wu Jian Council.
  5486 | D:5      | Found an opulent altar of Gozag.
  5487 | D:5      | Found a shadowy altar of Dithmenos.
  5487 | D:5      | Found a sparkling altar of Nemelex Xobeh.
  5488 | D:5      | Found a hide-covered altar of Uskayaw.
  5661 | D:5      | Reached skill level 1 in Invocations
  6322 | D:5      | Found a glowing silver altar of Zin.
  6485 | D:5      | Reached * piety under Okawaru
  6763 | D:6      | Found an opulent altar of Gozag.
  6804 | D:6      | Noticed Menkaure
  6815 | D:6      | Killed Menkaure
  7095 | D:6      | Noticed a hippogriff
  7105 | D:6      | Killed a hippogriff
  7105 | D:6      | Reached skill level 8 in Earth Magic
  7301 | D:6      | Reached XP level 9. HP: 61/61 MP: 14/17
  7633 | D:6      | Reached ** piety under Okawaru
  7900 | D:6      | Reached skill level 1 in Bows
  8208 | D:7      | Found a large runed translucent door.
  8208 | D:7      | Found a large runed translucent door.
  8213 | D:7      | Noticed silenth's ghost (novice NaFi)
  9041 | D:7      | Got a fine hunting sling
  9043 | D:7      | Identified the +4 hunting sling "Furienej" {flame, *Contam
                  | rF+ rC+ Int+2} (You found it on level 7 of the Dungeon)
  9066 | D:7      | Reached skill level 9 in Earth Magic
  9247 | D:7      | Gained mutation: Your body sometimes deteriorates upon
                  | taking damage. [mutagenic glow]
  9248 | D:7      | Reached *** piety under Okawaru
  9446 | D:8      | Reached skill level 5 in Armour
  9455 | D:8      | Gained mutation: Your magical capacity is low. (-10% MP)
                  | [mutagenic glow]
  9585 | D:8      | Reached XP level 10. HP: 10/69 MP: 0/17
  9978 | D:8      | Mangled by an orc warrior

Levels and vault maps discovered:
D:1:      saegor_arrival_simple_b, layout_basic, serial_corexii_hall,
          chequers_hall_statues_corner_a, corexii_hall_statues_x,
          supply_closet_lemuel
D:2:      layout_loops_ring, uniq_sigmund
D:3:      layout_loops_cross, gup_sewer_entry_glass
D:4:      layout_basic, minmay_temple_entry_trees, minmay_liquid_box
D:5:      layout_loops_ring, grunt_temple_overflow_open, zin_scriptorium,
          first_ration
D:6:      layout_loops_ring, grunt_gozag_breadcrumbs, uniq_menkaure
D:7:      layout_rooms, ebering_ghost_disaster_area, minmay_manual_monstrance
D:8:      layout_basic, david_lair_generic, uniq_erica
Temple:   zaba_magenta_temple

Skill      XL: |  1  2  3  4  5  6  7  8  9 10 |
---------------+-------------------------------+-----
Earth Magic    | 4 5 6 7 8 9 |  9.2
Armour         | 1 2 3 5 |  5.1
Spellcasting   | 3 4 5 6 |  6.3
Polearms       | 1 2 |  2.8
Fighting       | 1 2 |  2.9
Dodging        | 2 3 |  3.0
Hexes          | 1 |  1.9
Invocations    | 2 3 4 |  4.6
Bows           | 3 |  3.1
Slings         | |  0.1
Stealth        | |  2.4
Conjurations   | |  0.5
Transmutations | |  1.1

Action                   |  1- 3 |  4- 6 |  7- 9 | 10-12 || total
-------------------------+-------+-------+-------+-------++-------
Melee: Spear             |    37 |     5 |       |       ||    42
       Scythe            |       |    29 |   108 |     4 ||   141
 Fire: Shortbow          |       |       |   142 |     6 ||   148
       Hunting sling     |       |       |    20 |       ||    20
 Cast: Sandblast         |    32 |    34 |   108 |     5 ||   179
       Stone Arrow       |       |    19 |    18 |     7 ||    44
       Confusing Touch   |       |       |     6 |       ||     6
       Petrify           |       |       |     2 |       ||     2
 Abil: Dig               |       |       |     2 |       ||     2
  Use: Scroll            |       |       |     9 |       ||     9
 Stab: Sleeping          |     2 |     1 |     1 |       ||     4
       Confused          |       |       |     2 |       ||     2
  Eat: Chunk             |     1 |     7 |    19 |     1 ||    28
       Ration            |       |       |     1 |       ||     1
Armor: Robe              |     5 |    13 |       |       ||    18
       Leather armour    |       |    12 |    51 |     2 ||    65
Dodge: Dodged            |    21 |    57 |   236 |       ||   314
       Deflected         |     7 |     1 |     5 |     1 ||    14
